 Dungeon Crawl Stone Soup version 0.18.1-50-g88ac8fd (webtiles) character file.

100 shiningwizard the Shooter (level 4, -3/30 HPs)
             Began as a High Elf Hunter on Dec 22, 2016.
             Slain by Terence
             ... wielding a +3 flail of protection
              (10 damage)
             ... on level 3 of the Dungeon.
             The game lasted 00:14:37 (1995 turns).

shiningwizard the Shooter (High Elf Hunter)         Turns: 1995, Time: 00:14:37

Health: -3/30      AC:  3    Str: 11    XL:     4   Next: 47%
Magic:  5/5        EV: 12    Int: 15    God:
Gold:   131        SH:  0    Dex: 16    Spells: 0 memorised, 3 levels left

rFire  x . .     SeeInvis .     k - +1 dagger (drain)
rCold  + . .     Gourm    .     c - +0 leather armour
rNeg   . . .     Faith    .     (no shield)
rPois  .         Spirit   .     (no helmet)
rElec  .         Dismiss  .     (no cloak)
rCorr  .         Reflect  .     (no gloves)
SustAt .         Harm     +     (no boots)
MR     .....                    q - amulet of harm
Stlth  ++........               (no ring)
                                s - ring of ice

@: not resistant to hostile enchantments, unstealthy
A: no striking features
a: no special abilities


You were on level 3 of the Dungeon.
You were not hungry.

You visited 1 branch of the dungeon, and saw 3 of its levels.

You collected 131 gold pieces.

Inventory:

Hand Weapons
 a - a +1 shortbow
 b - a +0 short sword
 k - a +1 dagger of draining (weapon)
Missiles
 d - 45 arrows
Armour
 c - a +0 leather armour (worn)
Jewellery
 q - an amulet of harm (around neck)
 s - a ring of ice (left hand)
Scrolls
 e - a scroll of teleportation
 i - 2 scrolls of immolation {unknown}
 j - 2 scrolls of random uselessness {unknown}
 o - a scroll of identify {unknown}
 t - 2 scrolls of remove curse {unknown}
Potions
 g - a potion of curing {unknown}
 h - 2 potions of degeneration {unknown}
 m - 2 potions of berserk rage {unknown}
 n - a potion of resistance {unknown}
 p - a potion of flight {unknown}
Comestibles
 f - 4 bread rations
 l - 3 meat rations
 r - a royal jelly
 u - a beef jerky
 v - 3 fruits


   Skills:
 + Level 2.5 Fighting
 + Level 0.8 Short Blades
 + Level 7.0 Bows
 + Level 1.0 Armour
 + Level 2.3 Dodging
 + Level 1.3 Stealth


You had 3 spell levels left.
You didn't know any spells.

Dungeon Overview and Level Annotations

Branches:
Dungeon (3/15)

Altars:

Annotations:
D:3 Terence; ThomasAlice's ghost, amateur DrFi


Message History

Terence says, "Don't bother to defend, it's pointless."
Terence hits you with a flail of protection.
Terence says, "Did you write a will?
You should..."
Terence closely misses you.
Firing (i - inventory):
d - 46 arrows (quivered)
Press: ? - help, Shift-Dir - straight line, f/p - Terence
Aim: Terence, wielding a flail of protection and wearing a ring mail (severely wounded)
You shoot an arrow. The arrow hits Terence.
Terence is severely wounded.
Wield which item (- for none, * to show all)? (? for menu, Esc to quit)
You sense an unholy aura.
k - a +1 dagger of draining (weapon)
Terence hits you with a flail of protection!
* * * LOW HITPOINT WARNING * * *
You barely miss Terence.
Terence is severely wounded.
You closely miss Terence.
Terence is severely wounded.
Terence hits you with a flail of protection!
You die...

..# ....# #.# # ..# ######..#
#.# # ..# ....#.†# #†# # ..#
#.##†.# #.# # ..## ####.....#
###########'## #
..##.##.)..#.## #............#
........#....# #............#
..##.##.#<...####......(.....#
..##.#..#.#.....@@...........#
..##.#..#.#.#####............#
..##.#..#.#.# ##############
..##.#....#.# ####.#....#(#
####......#.# ............#
#############


You could see Terence.

Vanquished Creatures
  7 adders
  An orc (D:3)
  A giant cockroach (D:2)
  7 goblins
  2 hobgoblins
  A quokka (D:3)
  3 ball pythons
  5 bats
  2 giant newts (D:1)
  8 kobolds
  4 rats (D:1)
41 creatures vanquished.

Notes
Turn   | Place    | Note
--------------------------------------------------------------
     0 | D:1      | shiningwizard the High Elf Hunter began the quest for the Orb.
     0 | D:1      | Reached XP level 1. HP: 14/14 MP: 2/2
   123 | D:1      | Reached XP level 2. HP: 18/19 MP: 3/3
   396 | D:1      | Reached skill level 6 in Bows
   680 | D:2      | Reached XP level 3. HP: 15/24 MP: 4/4
  1441 | D:3      | Reached XP level 4. HP: 10/30 MP: 5/5
  1443 | D:3      | HP: 1/30 [orc/flail (10)]
  1636 | D:3      | Reached skill level 1 in Armour
  1651 | D:3      | Noticed ThomasAlice's ghost (amateur DrFi)
  1901 | D:3      | Reached skill level 7 in Bows
  1939 | D:3      | Noticed Terence
  1995 | D:3      | Slain by Terence

Skill      XL: |  1  2  3  4 |
---------------+-------------+-----
Bows           | 6 7 |  7.0
Armour         | 1 |  1.0
Fighting       | |  2.5
Short Blades   | |  0.8
Dodging        | |  2.3
Stealth        | |  1.3

Action                   |  1- 3 |  4- 6 || total
-------------------------+-------+-------++-------
Melee: Dagger            |    29 |    14 ||    43
 Fire: Shortbow          |    67 |    14 ||    81
  Use: Scroll            |       |     1 ||     1
 Stab: Sleeping          |     1 |     1 ||     2
  Eat: Bread ration      |     1 |       ||     1
Armor: Leather armour    |     7 |     3 ||    10
Dodge: Dodged            |    28 |     6 ||    34
